Workbook

Sheet Per Unit Pricing
B1: Accounting and Billing Services: MVC Surcharge System, Billing, Collection and Related Services All-inclusive Pricing Sheet
A2: Vendor {Bidder} Name:
A3: Line #'s | B3: Timeframe | C3: Unit of Measure | D3: Cost per unit or percentage
B4: Service Capability/Component
A6: 1 | B6: Transition, Non-recurring / One-time cost | C6: Total Cost for Blanket P.O. | D6: 0
A8: 2 | B8: Customer Service, Support, and Primary Collections | C8: Contingency Fee as a percentage of revenue collected | D8: 0
A10: 3 | B10: Collections - Litigation Services | C10: Contingency Fee as a percentage of revenue collected | D10: 0
A12: 4 | B12: Printing and Mailing Notices and Correspondence | C12: Cost per piece | D12: 0
A14: 5 | B14: Returned Mail Processing | C14: Cost per piece | D14: 0
A16: 6 | B16: Document & Image Management | C16: Cost per piece | D16: 0
A18: 7 | B18: Accepting and Processing Payments
A19: 8 | B19: Batch that are mailed and processed internally | C19: Cost per transaction type | D19: 0
A20: 9 | B20: Manual that are hand delivered or information taken over the phone | C20: Cost per transaction type | D20: 0
A21: 10 | B21: Payments for Electronic that are received via website or IVR (payment by phone) | C21: Cost per transaction type | D21: 0
A25: 11 | B25: Systems and Technology*
A26: 12 | B26: Year 1 | C26: Blanket P.O. | D26: 0
A27: 13 | B27: Year 2 | C27: Blanket P.O. | D27: 0
A28: 14 | B28: Year 3 | C28: Blanket P.O. | D28: 0
A29: 15 | B29: Year 4 | C29: Blanket P.O. | D29: 0
A30: 16 | B30: Year 5 | C30: Blanket P.O. | D30: 0
A31: 17 | B31: Year 6 | C31: Blanket P.O. | D31: 0
A32: 18 | B32: Year 7 | C32: Blanket P.O. | D32: 0

Sheet MVC Surcharge Pricing
A1: Accounting and Billing Services: MVC Surcharge System, Billing, Collection and Related Services All-inclusive Pricing Sheet
A2: Timeframe (Fiscal Years) | B2: One (1) | C2: Two (2) | D2: Three (3) | E2: Four (4) | F2: Five (5) | G2: Six (6) | H2: Seven (7) | I2: Total Cost
A3: Service Capability/Component
A5: Transition, Non-recurring / One-time costs | B5: ='Per Unit Pricing'!D6 -> 0 | D5: 0 | E5: 0 | F5: 0 | G5: 0 | H5: 0 | I5: =B5 -> 0
A7: Customer Service, Support and Primary Collections | B7: =(B$29-B$42)*'Per Unit Pricing'!$D$8 -> 0 | C7: =(C$29-C$42)*'Per Unit Pricing'!$D$8 -> 0 | D7: =(D$29-D$42)*'Per Unit Pricing'!$D$8 -> 0 | E7: =(E$29-E$42)*'Per Unit Pricing'!$D$8 -> 0 | F7: =(F$29-F$42)*'Per Unit Pricing'!$D$8 -> 0 | G7: =(G$29-G$42)*'Per Unit Pricing'!$D$8 -> 0 | H7: =(H$29-H$42)*'Per Unit Pricing'!$D$8 -> 0 | I7: =SUM(B7:H7) -> 0
A9: Printing and Mailing Notices and Correspondence | B9: =B$31*'Per Unit Pricing'!$D$12 -> 0 | C9: =C$31*'Per Unit Pricing'!$D$12 -> 0 | D9: =D$31*'Per Unit Pricing'!$D$12 -> 0 | E9: =E$31*'Per Unit Pricing'!$D$12 -> 0 | F9: =F$31*'Per Unit Pricing'!$D$12 -> 0 | G9: =G$31*'Per Unit Pricing'!$D$12 -> 0 | H9: =H$31*'Per Unit Pricing'!$D$12 -> 0 | I9: =SUM(B9:H9) -> 0
A11: Returned Mail Processing | B11: =B$33*'Per Unit Pricing'!$D$14 -> 0 | C11: =C$33*'Per Unit Pricing'!$D$14 -> 0 | D11: =D$33*'Per Unit Pricing'!$D$14 -> 0 | E11: =E$33*'Per Unit Pricing'!$D$14 -> 0 | F11: =F$33*'Per Unit Pricing'!$D$14 -> 0 | G11: =G$33*'Per Unit Pricing'!$D$14 -> 0 | H11: =H$33*'Per Unit Pricing'!$D$14 -> 0 | I11: =SUM(B11:H11) -> 0
A13: Accepting and Processing Payments
A14: Batch that are mailed and processed internally | B14: =B$36*'Per Unit Pricing'!$D$19 -> 0 | C14: =C$36*'Per Unit Pricing'!$D$19 -> 0 | D14: =D$36*'Per Unit Pricing'!$D$19 -> 0 | E14: =E$36*'Per Unit Pricing'!$D$19 -> 0 | F14: =F$36*'Per Unit Pricing'!$D$19 -> 0 | G14: =G$36*'Per Unit Pricing'!$D$19 -> 0 | H14: =H$36*'Per Unit Pricing'!$D$19 -> 0 | I14: =SUM(B14:H14) -> 0
A15: Manual that are hand delivered or information taken over the phone | B15: =B$37*'Per Unit Pricing'!$D$20 -> 0 | C15: =C$37*'Per Unit Pricing'!$D$20 -> 0 | D15: =D$37*'Per Unit Pricing'!$D$20 -> 0 | E15: =E$37*'Per Unit Pricing'!$D$20 -> 0 | F15: =F$37*'Per Unit Pricing'!$D$20 -> 0 | G15: =G$37*'Per Unit Pricing'!$D$20 -> 0 | H15: =H$37*'Per Unit Pricing'!$D$20 -> 0 | I15: =SUM(B15:H15) -> 0
A16: Payments for Electronic that are received via website or IVR (payment by phone) | B16: =B$38*'Per Unit Pricing'!$D$21 -> 0 | C16: =C$38*'Per Unit Pricing'!$D$21 -> 0 | D16: =D$38*'Per Unit Pricing'!$D$21 -> 0 | E16: =E$38*'Per Unit Pricing'!$D$21 -> 0 | F16: =F$38*'Per Unit Pricing'!$D$21 -> 0 | G16: =G$38*'Per Unit Pricing'!$D$21 -> 0 | H16: =H$38*'Per Unit Pricing'!$D$21 -> 0 | I16: =SUM(B16:H16) -> 0
A18: Document & Image Management | B18: =B$40*'Per Unit Pricing'!$D$16 -> 0 | C18: =C$40*'Per Unit Pricing'!$D$16 -> 0 | D18: =D$40*'Per Unit Pricing'!$D$16 -> 0 | E18: =E$40*'Per Unit Pricing'!$D$16 -> 0 | F18: =F$40*'Per Unit Pricing'!$D$16 -> 0 | G18: =G$40*'Per Unit Pricing'!$D$16 -> 0 | H18: =H$40*'Per Unit Pricing'!$D$16 -> 0 | I18: =SUM(B18:H18) -> 0
A20: Collections - Litigation Services ** | B20: =B$42*'Per Unit Pricing'!$D$10 -> 0 | C20: =C$42*'Per Unit Pricing'!$D$10 -> 0 | D20: =D$42*'Per Unit Pricing'!$D$10 -> 0 | E20: =E$42*'Per Unit Pricing'!$D$10 -> 0 | F20: =F$42*'Per Unit Pricing'!$D$10 -> 0 | G20: =G$42*'Per Unit Pricing'!$D$10 -> 0 | H20: =H$42*'Per Unit Pricing'!$D$10 -> 0 | I20: =SUM(B20:H20) -> 0
A22: Systems and Technology* | B22: =12*'Per Unit Pricing'!$D$26 -> 0 | C22: =12*'Per Unit Pricing'!$D$27 -> 0 | D22: =12*'Per Unit Pricing'!$D$28 -> 0 | E22: =12*'Per Unit Pricing'!$D$29 -> 0 | F22: =12*'Per Unit Pricing'!$D$30 -> 0 | G22: =12*'Per Unit Pricing'!$D$31 -> 0 | H22: =12*'Per Unit Pricing'!$D$32 -> 0 | I22: =SUM(B22:H22) -> 0
A24: Overall Total Proposal Cost | B24: =SUM(B5,B7,B9,B11,B14,B15,B16,B18,B20,B22) -> 0 | C24: =SUM(C5,C7,C9,C11,C14,C15,C16,C18,C20,C22) -> 0 | D24: =SUM(D5,D7,D9,D11,D14,D15,D16,D18,D20,D22) -> 0 | E24: =SUM(E5,E7,E9,E11,E14,E15,E16,E18,E20,E22) -> 0 | F24: =SUM(F5,F7,F9,F11,F14,F15,F16,F18,F20,F22) -> 0 | G24: =SUM(G5,G7,G9,G11,G14,G15,G16,G18,G20,G22) -> 0 | H24: =SUM(H5,H7,H9,H11,H14,H15,H16,H18,H20,H22) -> 0 | I24: =SUM(B24:H24) -> 0
A27: Projected Surcharge Activity
A29: Projected Total Surcharge Revenue (forecast)*** | B29: 116000000 | C29: =B29-1100000 -> 114900000 | D29: =C29-1100000 -> 113800000 | E29: =D29-1100000 -> 112700000 | F29: =E29-1100000 -> 111600000 | G29: =F29-1100000 -> 110500000 | H29: =G29-1100000 -> 109400000 | I29: =SUM(B29:H29) -> 788900000
A31: Projected Total number of pieces for Printing and Mailing Notices and Correspondence (forecast)*** | B31: 1751359 | C31: 1642483.6 | D31: 1540376.3 | E31: 1444616.7 | F31: 1354810.1 | G31: 1270586.4 | H31: 1191598.7 | I31: =SUM(B31:H31) -> 10195831
A33: Projected Total number of pieces for Returned Mail Processing (forecast)*** | B33: 153571.36 | C33: 166737.33 | D33: 181032.05 | E33: 196552.29 | F33: 213403.1 | G33: 231698.57 | H33: 251562.54 | I33: =SUM(B33:H33) -> 1394557.2
A35: Projected Total number of transaction types for Accepting and Processing Payments (forecast)***
A36: Batch that are mailed and processed internally | B36: 137265.03 | C36: 118200.85 | D36: 101784.42 | E36: 87647.993 | F36: 75474.921 | G36: 64992.517 | H36: 55965.971 | I36: =SUM(B36:H36) -> 641331.69
A37: Manual that are hand delivered or information taken over the phone | B37: 92370.14 | C37: 82146.638 | D37: 73054.671 | E37: 64969 | F37: 57778.249 | G37: 51383.369 | H37: 45696.271 | I37: =SUM(B37:H37) -> 467398.34
A38: Payments for Electronic that are received via website or IVR (payment by phone) | B38: 721510.89 | C38: 723832.23 | D38: 726161.04 | E38: 728497.33 | F38: 730841.15 | G38: 733192.5 | H38: 735551.43 | I38: =SUM(B38:H38) -> 5099586.6
A40: Projected Total number of pieces for Document & Image Management (forecast)*** | B40: 3598656.8 | C40: 3399506.3 | D40: 3211376.9 | E40: 3033658.5 | F40: 2865775.2 | G40: 2707182.5 | H40: 2557366.4 | I40: =SUM(B40:H40) -> 21373523
A42: Projected Total Collections - Litigation Services (forecast)*** | B42: 7000000 | C42: 6900000 | D42: 6800000 | E42: 6700000 | F42: 6600000 | G42: 6500000 | H42: 6400000 | I42: =SUM(B42:H42) -> 46900000
A44: * Billing for services and systems will commence only after the contractor is in production delivering services as specified and accepted by the State.
A45: ** Collections Fees are a contingency percentage based upon collected revenue and excludes revenue directly collected by MVC.
A46: *** Projected Total is a forecast and, therefore, is not guaranteed. Revenue forecast is based on current revenue trends based on past performance.
